 Dungeon Crawl Stone Soup version 0.29.1-1-gd02db6906a (webtiles) character file.

Game seed: 17217286661758533867

5104 funnyparkerb the Fighter (level 10, -3/81 HPs)
             Began as a Djinni Fire Elementalist on Sept 18, 2022.
             Was an Elder of Nemelex Xobeh.
             Slain by a yak (10 damage)
             ... on level 9 of the Dungeon.
             The game lasted 00:15:56 (11340 turns).

funnyparkerb the Fighter (DjFE)                    Turns: 11340, Time: 00:15:57

Health: -3/81      AC:  9    Str: 13    XL:     10   Next: 87%
Gold:   330        EV: 12    Int: 21    God:    Nemelex Xobeh [****..] SH:  4 Dex: 14

rFire   + + .      SeeInvis .   p - +0 mace (protect)
rCold   x . .      Faith    .   B - +1 buckler {AC+3}
rNeg    . . .      Spirit   .   q - +3 robe "Adobute" {rPois}
rPois   ∞          Reflect  .   (no helmet)
rElec   .          Harm     .   (no cloak)
rCorr   .          Rampage  .   u - +0 pair of gloves
Will    ++...                   (boots unavailable)
Stlth   ++........              (no amulet)
HPRegen 0.23/turn               y - +6 ring of strength
MPRegen 0.00/turn               E - ring of willpower

@: flying
A: sickness immunity, fire resistance 2, cold vulnerability 1, float, innate
caster, HP casting, extra vitality 1
a: Renounce Religion, Draw Escape, Draw Destruction, Draw Summoning, Triple
Draw, Deal Four


You were on level 9 of the Dungeon.
You worshipped Nemelex Xobeh.
Nemelex Xobeh was greatly pleased with you.
You visited 1 branch of the dungeon, and saw 9 of its levels.

You collected 511 gold pieces.
You spent 181 gold pieces at shops.

Inventory:

Hand Weapons
 d - a +2 short sword of venom
 p - a +0 mace of protection (weapon)
Armour
 q - the +3 robe "Adobute" (worn) {rPois}
   (You found it on level 3 of the Dungeon)

   rPois:     It protects you from poison.
 u - a +0 pair of gloves (worn)
 v - +0 steam dragon scales
 B - a +1 buckler of protection (worn)
Jewellery
 y - a +6 ring of strength (left hand)
 E - a ring of willpower (right hand)
Wands
 w - a wand of light (5)
 C - a wand of iceblast (7)
 G - a wand of charming (5)
Scrolls
 b - 2 scrolls of torment {unknown}
 e - 8 scrolls of identify {unknown}
 g - 2 scrolls of enchant armour {unknown}
 h - 3 scrolls of poison {unknown}
 i - 2 scrolls of fog {unknown}
 j - a scroll of vulnerability {unknown}
 k - a scroll of blinking {unknown}
 m - 2 scrolls of teleportation
 s - a scroll of silence {unknown}
 t - 2 scrolls of amnesia {unknown}
 x - a scroll of brand weapon {unknown}
 A - a scroll of immolation {unknown}
 D - 3 scrolls of noise {unknown}
Potions
 a - 4 potions of degeneration {unknown}
 c - 3 potions of curing
 f - a potion of berserk rage {unknown}
 l - a potion of lignification {unknown}
 n - 2 potions of mutation {unknown}
 o - a potion of magic {unknown}
 r - a potion of flight {unknown}
 z - 2 potions of might {unknown}
 F - a potion of haste {unknown}


   Skills:
 + Level 10.8 Fighting
 - Level 2.1 Dodging
 - Level 1.5 Stealth
 + Level 8.8 Spellcasting


You had 4 spell levels left.
You knew the following spells:

 Your Spells              Type           Power      Damage    Failure   Level
a - Foxfire               Conj/Fire      100%       2x1d9     1%          1
b - Scorch                Fire           92%        2d9       1%          2
c - Conjure Flame         Conj/Fire      46%        6-21      1%          3
d - Inner Flame           Hex/Fire       46%        N/A       1%          3
e - Flame Wave            Conj/Fire      46%        2d12      2%          4
f - Shock                 Conj/Air       100%       1d9       1%          1
g - Poisonous Vapours     Pois/Air       92%        N/A       1%          2
h - Vampiric Draining     Necr           46%        2d9       1%          3
i - Portal Projectile     Hex/Tloc       92%        N/A       1%          3
Your spell library was empty.

Dungeon Overview and Level Annotations

Branches:
Dungeon (9/15)             Temple (0/1) D:7             Orc (0/2) D:9
   Lair: D:8-11

Altars:
Cheibriados
Fedhas
Makhleb
Nemelex Xobeh
Qazlal
Wu Jian
Zin
The Shining One

Shops:
D:7 [


Innate Abilities, Weirdness & Mutations

You are immune to sickness and miasma.
You are immune to poison.
Your flesh is very heat resistant. (rF++)
You are vulnerable to cold. (rC-)
You float through the air rather than walking.
You learn spells naturally, not from books.
Your magical power is your life essence.
You have superior vitality. (+4 MHP)


Message History

Casting: Scorch (safe; 1% risk of failure)
Confirm with . or Enter, or press ? or * to list all spells.
Flames lash the yak.
The yak is burned terribly!
The yak is severely wounded.
The yak gores you.
Casting: Scorch (safe; 1% risk of failure)
Confirm with . or Enter, or press ? or * to list all spells.
Flames lash the yak.
The yak is burned terribly!
The yak is heavily wounded.
The yak closely misses you. x2
Casting: Scorch (safe; 1% risk of failure)
Confirm with . or Enter, or press ? or * to list all spells.
Flames lash the yak.
The yak is burned terribly!
You kill the yak!
The yak closely misses you.
Casting: Scorch (safe; 1% risk of failure)
Confirm with . or Enter, or press ? or * to list all spells.
Flames lash the yak.
The yak is moderately wounded.
The yak's fire resistance burns away.
The yak closely misses you. The yak gores you!
Casting: Scorch (safe; 1% risk of failure)
Confirm with . or Enter, or press ? or * to list all spells.
Flames lash the yak.
The yak is lightly wounded.
The yak's fire resistance burns away.
The yak closely misses you. x2
Casting: Scorch (safe; 1% risk of failure)
Confirm with . or Enter, or press ? or * to list all spells.
Flames lash the yak.
The yak is burned terribly!
The yak is heavily wounded.
The yak gores you!
* * * LOW HITPOINT WARNING * * *
The yak gores you!
* * * LOW HITPOINT WARNING * * *
Casting: Scorch (safe; 1% risk of failure)
Confirm with . or Enter, or press ? or * to list all spells.
Okay, then.
The yak attacks as you move away! The yak gores you!
You die...
Your body glows with a rainbow of weird colours and disappears.

#.# #...#...#
##.###.# #.#
#..#.#..# #.#
#.# #.#
#..###.(####.#
#.# #.#
#......(.....#
#.# #.#
##.###..######
#.# #.# #.#
#..# #.# #.###
#.# #..# #..
#...#####.#
#..## ###
###.....[[#
#.@.#
#.#######
##YY# #####.#
#Y.#
......########
#..#
#.......>.....
....
#.###.########
.###. ..# #.#
. . ### #.# #.
# ###.######


You could see 3 yaks.

Vanquished Creatures
  Pikel (D:4)
  Joseph (D:7)
  3 yaks (D:9)
  4 steam dragons
  A water moccasin (D:8)
  A sky beast (D:7)
  8 orc warriors
  An ice beast (D:5)
  4 ogres
  3 centaurs
  A phantom (D:5)
  A kobold brigand (D:8)
  2 bullfrogs (D:8)
  3 necrophages
  2 scorpions (D:5)
  4 wights (D:6)
  A killer bee (D:8)
  2 howler monkeys
  A jelly (D:7)
  4 orc priests
  A gnoll bouda (D:6)
  3 hounds
  4 iguanas
  Terence (D:2)
  Natasha (thrice) (D:2)
  8 orc wizards
  3 adders
  9 gnolls
  2 white imps
  An ufetubus (D:6)
  3 worms
  A dart slug (D:1)
  28 orcs
  5 endoplasms
  2 giant cockroaches (D:1)
  3 goblins
  5 hobgoblins
  3 jackals (D:1)
  A quokka (D:1)
  5 ball pythons
  9 bats
  4 frilled lizards
  8 kobolds
  10 rats
170 creatures vanquished.

Vanquished Creatures (others)
  An orc (D:8)
  543 foxfires
  6 fungi (D:2)
550 creatures vanquished.

Grand Total: 720 creatures vanquished

Notes
Turn   | Place    | Note
-------+----------+-------------------------------------------
     0 | D:1      | funnyparkerb the Djinni Fire Elementalist began the quest
                  | for the Orb.
     0 | D:1      | funnyparkerb set off with the following spells memorised:
                  | Foxfire, Scorch, Conjure Flame, Inner Flame, Flame Wave.
     0 | D:1      | Reached XP level 1. HP: 15/15 MP: 0/0
   140 | D:1      | Found a faded altar of an unknown god.
   305 | D:1      | Reached skill level 1 in Fighting
   305 | D:1      | Reached XP level 2. HP: 15/22 MP: 0/0
   305 | D:1      | Prayed at the altar of an unknown god.
   305 | D:1      | Became a worshipper of Nemelex Xobeh the Trickster
   305 | D:1      | Reached * piety under Nemelex Xobeh
   305 | D:1      | Received a gift from Nemelex Xobeh
  1337 | D:1      | Reached XP level 3. HP: 21/27 MP: 0/0
  1337 | D:1      | Learned a level 1 spell: Shock
  1534 | D:1      | You are sucked into a shaft and drop 1 floor!
  1614 | D:2      | Noticed Terence
  1623 | D:2      | Killed Terence
  1624 | D:2      | Reached skill level 2 in Fighting
  1624 | D:2      | Reached XP level 4. HP: 14/33 MP: 0/0
  1842 | D:2      | Noticed Natasha
  1845 | D:2      | Killed Natasha
  2049 | D:2      | Noticed Natasha
  2052 | D:2      | Killed Natasha
  2053 | D:2      | Reached XP level 5. HP: 22/40 MP: 0/0
  2053 | D:2      | Learned a level 2 spell: Poisonous Vapours
  2224 | D:2      | Found a burning altar of Makhleb.
  2363 | D:2      | Noticed Natasha
  2366 | D:2      | Reached skill level 3 in Fighting
  2369 | D:2      | Killed Natasha
  2438 | D:2      | Received a gift from Nemelex Xobeh
  2980 | D:3      | Reached ** piety under Nemelex Xobeh
  3015 | D:3      | Received a gift from Nemelex Xobeh
  3355 | D:3      | Reached XP level 6. HP: 39/46 MP: 0/0
  3480 | D:3      | Identified the +3 robe "Adobute" {rPois}
  4121 | D:4      | Reached skill level 4 in Fighting
  4374 | D:4      | Noticed Pikel
  4386 | D:4      | Killed Pikel
  4387 | D:4      | Reached skill level 5 in Fighting
  4387 | D:4      | Reached skill level 5 in Spellcasting
  4387 | D:4      | Reached XP level 7. HP: 31/54 MP: 0/0
  4387 | D:4      | Learned a level 3 spell: Vampiric Draining
  4893 | D:4      | Found a glowing golden altar of the Shining One.
  5041 | D:5      | Entered Level 5 of the Dungeon
  5046 | D:5      | Reached XP level 8. HP: 29/60 MP: 0/0
  5051 | D:4      | Reached skill level 6 in Fighting
  5620 | D:5      | Found a glowing silver altar of Zin.
  5740 | D:5      | Reached *** piety under Nemelex Xobeh
  5831 | D:5      | Received a gift from Nemelex Xobeh
  5880 | D:5      | Reached skill level 7 in Fighting
  5993 | D:5      | Identified the +5 ring mail of Greed {Drain rElec Int-4
                  | Dex+7}
  6468 | D:6      | Found an ornate altar of the Wu Jian Council.
  6478 | D:6      | Reached XP level 9. HP: 62/68 MP: 0/0
  6478 | D:6      | Learned a level 3 spell: Portal Projectile
  6885 | D:6      | Received a gift from Nemelex Xobeh
  7127 | D:6      | Reached skill level 8 in Fighting
  7648 | D:7      | Noticed Joseph
  7654 | D:7      | Killed Joseph
  8117 | D:7      | Found a stormy altar of Qazlal.
  8311 | D:7      | Reached **** piety under Nemelex Xobeh
  8366 | D:7      | Reached skill level 9 in Fighting
  8412 | D:7      | Found a staircase to the Ecumenical Temple.
  8448 | D:7      | Reached XP level 10. HP: 68/78 MP: 0/0
  8611 | D:7      | Found a blossoming altar of Fedhas.
  8723 | D:7      | Found Nuigrit's Armour Boutique.
  8728 | D:7      | Bought a +1 buckler of protection for 181 gold pieces
  8901 | D:8      | Received a gift from Nemelex Xobeh
  9509 | D:8      | Reached skill level 10 in Fighting
 10851 | D:9      | Found a staircase to the Orcish Mines.
 11201 | D:9      | Found a snail-covered altar of Cheibriados.
 11340 | D:9      | Slain by a yak

Illustrated notes

Levels and vault maps discovered:
D:1:      dpeg_arrival_tiny_j, layout_rooms, basic_ecumenical_altar
D:2:      layout_loops_cross, basic_altar, minmay_misc_feat_roman,
          dreamdust_mushroom_princess, chequers_serial_rivers_room_b,
          uniq_terence, uniq_natasha
D:3:      layout_basic
D:4:      layout_loops_ring, tso_altar, uniq_pikel
D:5:      layout_cave_pods, overflow_temple_1_default, dk_noncrumbling_2
D:6:      layout_gridville, mainiacjoe_overflow_cross_hatched,
          nzn_wu_jian_contemplation, minmay_fractal_squares_gapless_5
D:7:      layout_loops_ring, fedhas_altar_2, nicolae_qazlal_general_emergency,
          minmay_temple_entry_tees, serial_shops, shop, uniq_joseph
D:8:      layout_layer_cave, mainiacjoe_overflow_six_doors_small,
          minmay_starry_boxes
D:9:      layout_loops_ring, slow_altar_2, david_orc_5

Skill      XL: |  1  2  3  4  5  6  7  8  9 10 |
---------------+-------------------------------+-----
Fighting       | 1 2 3 5 7 9 10 | 10.8
Spellcasting   | 3 5 6 7 8 |  8.8
Dodging        | |  2.1
Stealth        | |  1.5

Action                   |  1- 3 |  4- 6 |  7- 9 | 10-12 || total
-------------------------+-------+-------+-------+-------++-------
 Cast: Foxfire           |    62 |    97 |   128 |    54 ||   341
       Scorch            |    13 |    37 |    52 |    76 ||   178
       Shock             |     6 |     2 |     1 |    18 ||    27
       Conjure Flame     |     1 |     1 |     6 |    10 ||    18
       Flame Wave        |       |       |       |     3 ||     3
Invok: Draw Destruction  |       |       |     1 |     3 ||     4
Evoke: Wand              |       |       |     1 |       ||     1
  Use: Scroll            |       |       |       |     2 ||     2
       Potion            |       |       |       |     1 ||     1
Armor: Robe              |     3 |     2 |       |     7 ||    12
Dodge: Dodged            |     1 |     8 |    16 |    19 ||    44
Block: Buckler           |       |       |       |     3 ||     3
